 Dungeon Crawl Stone Soup version 0.22-a0-565-gfc6459a (webtiles) character file.

2 Amnesiac the Sneak (level 1, 0/9 HPs)
             Began as a Spriggan Earth Elementalist on June 28, 2018.
             Slain by a goblin
             ... wielding a +0 dagger
              (3 damage)
             ... on level 1 of the Dungeon.
             The game lasted 00:00:43 (277 turns).

Amnesiac the Sneak (Spriggan Earth Elementalist)     Turns: 277, Time: 00:00:44

Health: 0/9        AC:  2    Str:  4    XL:     1   Next: 33%
Magic:  5/5        EV: 18    Int: 16    God:
Gold:   47         SH:  0    Dex: 16    Spells: 4/5 levels left

rFire    . . .     SeeInvis +   (weapon restricted)
rCold    . . .     Gourm    .   (shield restricted)
rNeg     . . .     Faith    .   c - +0 robe
rPois    .         Spirit   .   (helmet restricted)
rElec    .         Reflect  .   (no cloak)
rCorr    .         Harm     .   (gloves unavailable)
MR       .....                  (boots unavailable)
Stlth    ++........             (no amulet)
HPRegen  0.03/turn              (no ring)
MPRegen  0.09/turn              (no ring)

@: very quick
A: very small, unfitting armour, see invisible, herbivore, speed 3, slow
metabolism 2
a: no special abilities


You were on level 1 of the Dungeon.
You were not hungry.

You visited 1 branch of the dungeon, and saw 2 of its levels.

You collected 47 gold pieces.

Inventory:

Missiles
 b - 30 stones (quivered)
Armour
 c - a +0 robe (worn)
Scrolls
 a - a scroll of teleportation {!r, unknown}
 e - a scroll of identify {!r, unknown}
 f - a scroll of immolation {!r, unknown}
Potions
 g - a potion of heal wounds {!q, unknown}
 h - a potion of ambrosia {!q, unknown}
Comestibles
 d - a ration


   Skills:
 - Level 3.0 Dodging
 - Level 3.0 Stealth
 + Level 2.8 Spellcasting
   Level 1.3 Transmutations
 * Level 2.8 Earth Magic


You had 4 spell levels left.
You knew the following spells:

 Your Spells              Type           Power        Failure   Level  Hunger
a - Sandblast             Erth           ##....       6%          1    #......

Your spell library contained the following spells:

 Spells                   Type           Power        Failure   Level  Hunger
 Stone Arrow              Conj/Erth      #.....       32%         3    ###....
 Passwall                 Tmut/Erth      #.......     12%         2    ##.....
 Lee's Rapid Deconstruct  Erth           ##........   86%         5    ######.
 Petrify                  Tmut/Erth      #.......     63%         4    #####..


Dungeon Overview and Level Annotations

Branches:
Dungeon (2/15)

Altars:


Innate Abilities, Weirdness & Mutations

You are very small and have problems with some larger weapons.
You are too small for most types of armour.
You have supernaturally acute eyesight. (SInv)
You are a herbivore.
You cover ground extremely quickly.
You need to consume almost no food.


Message History

There is a stone staircase leading down here.
You start resting.
HP restored.
You climb downwards.
Found 16 gold pieces.
There is a stone staircase leading up here.
You now have 31 gold pieces (gained 16).
A hobgoblin comes into view. It is wielding a club.
A hobgoblin is nearby!
A dart slug comes into view.
Found a pearl ring.
A ball python and a hobgoblin come into view.
The hobgoblin shouts!
The ball python hisses angrily.
There is a stone staircase leading up here.
You climb upwards.
There is a stone staircase leading down here.
A hobgoblin comes into view.
The hobgoblin shouts!
A hobgoblin is nearby!
Found a fuming amethyst potion.
A bat comes into view.
You see here a fuming amethyst potion {!q}.
You see here a fuming amethyst potion {!q}.
g - a fuming amethyst potion {!q}
Found 16 gold pieces and a ruby potion.
The bat completely misses you.
You closely miss the bat. The bat closely misses you. The bat hits you.
You closely miss the bat. The bat barely misses you. The bat misses you.
You hit the bat.
The bat is moderately wounded.
The bat closely misses you. The bat barely misses you.
You hit the bat but do no damage.
The bat is moderately wounded.
The bat completely misses you. The bat misses you. The bat closely misses you.
You hit the bat.
The bat is heavily wounded.
The bat hits you but does no damage. x2
You hit the bat but do no damage.
The bat is heavily wounded.
The bat hits you but does no damage.
You hit the bat.
You kill the bat!
You now have 47 gold pieces (gained 16).
You see here a bat corpse.
h - a ruby potion {!q} HP restored.
A goblin comes into view. It is wielding a dagger.
Found a ring mail.
You hit the goblin.
The goblin is moderately wounded.
The goblin completely misses you.
You hit the goblin.
The goblin is heavily wounded.
The goblin hits you with a dagger.
You miss the goblin.
The goblin is heavily wounded.
The goblin hits you with a dagger.
* * * LOW HITPOINT WARNING * * *
You closely miss the goblin.
The goblin is heavily wounded.
The goblin hits you with a dagger.
You die...

## #..
##.##
#..[# #...
#...
#g#####.##
#.@.......
#.########
#.# #.#
#.# ###.#
#...#
#.### #.#


You could see a goblin.

Vanquished Creatures
  2 bats (D:1)
  A frilled lizard (D:1)
3 creatures vanquished.

Notes
Turn   | Place    | Note
-------+----------+-------------------------------------------
     0 | D:1      | Amnesiac the Spriggan Earth Elementalist began the quest for the Orb.
     0 | D:1      | Reached XP level 1. HP: 9/9 MP: 5/5
   277 | D:1      | Slain by a goblin

Vault maps used:
D:1:      denvon_arrival_waterhouse, grunt_decor_cap
D:2:      minmay_mini_jars

Action                   || total
-------------------------++-------
Melee: Unarmed           ||    45
Armor: Robe              ||    10
Dodge: Dodged            ||    53

Table legend:
 A = Spawn XP
 B = Non-spawn XP
 C = Spawn XP percentage of total XP
 D = Spawn monster count
 E = Non-spawn monster count
 F = Spawn count percentage of total count
 G = Total turns spent on level
                    A         B        C        D         E        F      G
               +---------+---------+-------+---------+---------+-------+---------
         Total |       0 |       4 |   0.0 |       0 |       3 |   0.0 |   277
               +---------+---------+-------+---------+---------+-------+---------
           D:1 |       0 |       4 |   0.0 |       0 |       3 |   0.0 |   249
               +---------+---------+-------+---------+---------+-------+---------
